 Dungeon Crawl Stone Soup version 0.28.0 (webtiles) character file.

Game seed: 943984396978049332

2558 SnakkuSnakku7 the Cleaver (level 9, 0/85 HPs)
             Began as a Hill Orc Fighter on Feb 16, 2022.
             Slain by a wolf (5 damage)
             ... led by Grum
             ... on level 8 of the Dungeon.
             The game lasted 00:06:54 (6225 turns).

SnakkuSnakku7 the Cleaver (Hill Orc Fighter)        Turns: 6225, Time: 00:06:55

Health: 0/85       AC: 13    Str: 21    XL:     9   Next: 56%
Magic:  0/9        EV:  9    Int: 21    God:
Gold:   253        SH:  5    Dex: 15    Spells: 8/8 levels left

rFire   . . .      SeeInvis .   v - +6 mace of Pyromania {flame, rN+ Int+2 Dex+3}
rCold   . . .      Faith    +   c - +0 buckler
rNeg    + . .      Spirit   .   B - +3 scale mail
rPois   .          Reflect  .   u - +0 helmet
rElec   .          Harm     .   p - +0 cloak
rCorr   .          Rampage  .   (no gloves)
Will    .....                   C - +0 pair of boots of Impatience {Int+5}
Stlth   ..........              m - amulet of faith
HPRegen 0.24/turn               G - +6 ring of intelligence
MPRegen 0.11/turn               (no ring)

@: no status effects
A: no striking features
a: no special abilities


You were on level 8 of the Dungeon.
You visited 2 branches of the dungeon, and saw 9 of its levels.

You collected 445 gold pieces.
You spent 192 gold pieces at shops.

Inventory:

Hand Weapons
 a - a +0 broad axe
 v - the +6 mace of Pyromania (weapon) {flame, rN+ Int+2 Dex+3}
   (You found it on level 3 of the Dungeon)

   It burns those it strikes, dealing additional fire damage.
   Int:       It affects your intelligence (+2).
   Dex:       It affects your dexterity (+3).
   rN:        It protects you from negative energy.
 E - a +0 war axe
Armour
 b - a +0 scale mail
 c - a +0 buckler (worn)
 g - a +0 chain mail
 n - a +3 ring mail
 p - a +0 cloak (worn)
 u - a +0 helmet (worn)
 B - a +3 scale mail (worn)
 C - the +0 pair of boots of Impatience (worn) {Int+5}
   (You found it on level 5 of the Dungeon)

   Int:       It affects your intelligence (+5).
Jewellery
 m - an amulet of faith (around neck)
 G - a +6 ring of intelligence (left hand)
Wands
 y - a wand of iceblast (4)
 D - a wand of polymorph (3)
Scrolls
 e - 4 scrolls of noise {unknown}
 j - 13 scrolls of identify {unknown}
 k - 4 scrolls of blinking {unknown}
 o - 3 scrolls of immolation {unknown}
 s - a scroll of amnesia {unknown}
 z - a scroll of silence
 A - 3 scrolls of teleportation {unknown}
 F - a scroll of fog {unknown}
 H - 2 scrolls of magic mapping {unknown}
 I - a scroll of torment {unknown}
Potions
 d - 2 potions of might
 f - 2 potions of invisibility {unknown}
 h - 2 potions of curing
 i - a potion of magic {unknown}
 l - a potion of flight {unknown}
 q - a potion of cancellation {unknown}
 r - 2 potions of mutation {unknown}
 t - a potion of haste {unknown}
 w - 3 potions of ambrosia {unknown}
 x - 2 potions of heal wounds {unknown}


   Skills:
 - Level 10.0 Fighting
 + Level 13.2 Axes
 - Level 3.2 Armour
 - Level 3.2 Shields


You had 8 spell levels left.
You didn't know any spells.
Your spell library contained the following spells:

 Spells                   Type           Power      Damage    Failure   Level
 Ignite Poison            Fire/Tmut/Pois 0%         N/A       88%         3
 Mephitic Cloud           Conj/Pois/Air  0%         N/A       88%         3
 Airstrike                Air            0%         N/A       99%         4
 Summon Lightning Spire   Summ/Air       0%         N/A       99%         4
 Freezing Cloud           Conj/Ice/Air   0%         6-21      100%        5
 Lightning Bolt           Conj/Air       0%         1d11      100%        5


Dungeon Overview and Level Annotations

Branches:
Dungeon (8/15)             Temple (1/1) D:5
   Lair: D:8-11

Altars:
Ashenzari
Dithmenos
Elyvilon
Fedhas
Gozag
Hepliaklqana
Kikubaaqudgha
Nemelex Xobeh
Ru
Sif Muna
Vehumet
Wu Jian
Zin

Shops:
D:4 **   D:7 [

Annotations:
D:8 Grum


Message History

The wolf is heavily wounded.
You block the wolf's attack. The wolf bites you but does no damage.
You closely miss the wolf.
The wolf is heavily wounded.
The wolf bites you but does no damage. You block the wolf's attack.
You hit the wolf but do no damage.
The wolf is heavily wounded.
The wolf bites you.
The white imp shouts, "Return whence thou came, thou venomed beetle-headed nothing!"
The wolf bites you but does no damage.
You sock the wolf! You burn the wolf.
You kill the wolf!
The white imp grinds its teeth.
You block the wolf's attack.
You hit the wolf. You burn the wolf.
The wolf is moderately wounded.
The wolf bites you but does no damage. You block the wolf's attack.
You barely miss the wolf.
The wolf is moderately wounded.
The wolf barely misses you. The wolf bites you!
You barely miss the wolf.
The wolf is moderately wounded.
The wolf closely misses you. Grum closely misses you.
The white imp puffs mist at you.
You hit the wolf. You burn the wolf.
The wolf is heavily wounded.
The wolf bites you but does no damage. The wolf bites you.
Grum hits you from afar with a -2 antimagic glaive.
You closely miss the wolf.
The wolf is heavily wounded.
The wolf bites you.
* * * LOW HITPOINT WARNING * * *
Grum points his finger and shouts, "Duke!
Sic 'em!"
Grum hits you from afar with a -2 antimagic glaive!
* * * LOW HITPOINT WARNING * * *
You feel your power leaking away. The wolf bites you but does no damage.
Unknown command.
The wolf bites you.
You die...

....##...## #.<........##
....###...###.....##....#
..........##.....# #..<.#
................# ....#
..)............## #...#
...............# #.>.#
#.............## #...#
##........##..## ####...#
##)..#######.@###h.....#
#..# #..hg.h.....# #..
#..P###..##.#
#.##.P#####.#### ...#
..P# #hg..# .....P ...#
#..h.# ....... .⌠.+
#....# ####..# ...#
#...... ... P..#
#........


You could see Grum and 2 wolves.

Vanquished Creatures
  Menkaure (D:5)
  A water moccasin (D:7)
  Duvessa (D:7)
  2 sky beasts
  A necrophage (D:5)
  A wolf (D:8)
  6 centaurs
  A phantom (D:7)
  A bullfrog (D:7)
  2 scorpions
  A wyvern skeleton (D:5)
  A water moccasin skeleton (D:5)
  Dowan (D:7)
  2 centaur zombies (D:7)
  2 jellies
  A gnoll shaman (D:4)
  An orc priest (D:2)
  Jessica (D:3)
  2 iguanas
  Natasha (thrice) (D:3)
  Terence (D:3)
  2 orc wizards (D:3)
  2 hound skeletons (D:4)
  7 gnolls (D:4)
  9 adders
  2 shadow imps
  An ufetubus (D:6)
  4 worms
  A dart slug (D:3)
  19 orcs
  8 bats
  6 endoplasms
  3 giant cockroaches
  13 goblins
  4 hobgoblins
  4 jackals (D:5)
  2 quokkas
  7 ball pythons
  3 frilled lizards (D:1)
  7 kobolds
  17 rats
154 creatures vanquished.

Vanquished Creatures (others)
  4 plants (D:3)
4 creatures vanquished.

Grand Total: 158 creatures vanquished

Notes
Turn   | Place    | Note
-------+----------+-------------------------------------------
     0 | D:1      | SnakkuSnakku7 the Hill Orc Fighter began the quest for the
                  | Orb.
     0 | D:1      | Reached XP level 1. HP: 19/19 MP: 1/1
    23 | D:1      | Reached skill level 3 in Axes
    76 | D:1      | Reached XP level 2. HP: 26/27 MP: 2/2
   342 | D:1      | Reached XP level 3. HP: 24/34 MP: 3/3
   744 | D:2      | Reached skill level 4 in Axes
   923 | D:2      | Reached XP level 4. HP: 32/41 MP: 4/4
  1093 | D:2      | Reached skill level 5 in Fighting
  1129 | D:2      | Found a faded altar of an unknown god.
  1437 | D:2      | Reached skill level 5 in Axes
  1578 | D:2      | Reached XP level 5. HP: 48/48 MP: 5/5
  1713 | D:3      | Noticed Terence
  1719 | D:3      | Killed Terence
  1750 | D:3      | Noticed Natasha
  1766 | D:3      | Killed Natasha
  1767 | D:3      | Reached skill level 6 in Axes
  1767 | D:3      | Reached XP level 6. HP: 46/57 MP: 6/6
  1880 | D:3      | Noticed Natasha
  1894 | D:3      | Killed Natasha
  2010 | D:3      | Noticed Natasha
  2015 | D:3      | Killed Natasha
  2037 | D:3      | Identified the +6 mace of Pyromania {flame, rN+ Int+2
                  | Dex+3}
  2143 | D:3      | Noticed Jessica
  2149 | D:3      | Killed Jessica
  2477 | D:4      | Found Dunwonod's General Store.
  2479 | D:4      | Found Vutz's Specific Store.
  2487 | D:4      | Bought a wand of iceblast (6) for 110 gold pieces
  2487 | D:4      | Bought a scroll of silence for 82 gold pieces
  2596 | D:4      | Reached skill level 7 in Axes
  2596 | D:4      | Reached XP level 7. HP: 64/66 MP: 7/7
  2998 | D:5      | Entered Level 5 of the Dungeon
  3002 | D:5      | Found a staircase to the Ecumenical Temple.
  3023 | Temple   | Entered the Ecumenical Temple
  3310 | D:5      | Reached skill level 8 in Axes
  3387 | D:5      | Reached XP level 8. HP: 69/75 MP: 8/8
  3474 | D:5      | Reached skill level 9 in Axes
  3491 | D:5      | Identified the +0 pair of boots of Impatience {Int+5}
  3874 | D:5      | Noticed Menkaure
  3879 | D:5      | Killed Menkaure
  4583 | D:6      | Reached skill level 10 in Axes
  5117 | D:7      | Noticed Dowan
  5141 | D:7      | Killed Dowan
  5142 | D:7      | Reached skill level 10 in Fighting
  5198 | D:7      | Noticed Duvessa
  5199 | D:7      | Reached XP level 9. HP: 85/85 MP: 9/9
  5203 | D:7      | Killed Duvessa
  5204 | D:7      | Reached skill level 11 in Axes
  5452 | D:7      | Found Nohyarerch's Armour Shoppe.
  5638 | D:7      | Reached skill level 12 in Axes
  5978 | D:8      | Reached skill level 13 in Axes
  6201 | D:8      | Noticed Grum
  6225 | D:8      | Slain by a wolf

Illustrated notes

Levels and vault maps discovered:
D:1:      saegor_arrival_under_anarchy, layout_basic
D:2:      cheibrodos_pilgrimage, layout_basic, basic_ecumenical_altar,
          minmay_rat_gold_closets
D:3:      layout_basic, serial_bayou, serial_bayou_pond_d, serial_bayou_ford_a,
          serial_bayou_pond_d, serial_bayou_lagoon_b, uniq_jessica,
          uniq_natasha, uniq_terence
D:4:      layout_basic, nicolae_specific_store, kennysheep_generic_room_6
D:5:      layout_basic, minmay_temple_entry_poolview, uniq_menkaure
D:6:      layout_basic, nicolae_elevator_lobby_plus
D:7:      layout_cave_pods, serial_shops, nicolae_stop_n_shop_1,
          minmay_hedge_maze, roderic_malta_cross, minmay_misc_feat_alley,
          uniq_duvessa
D:8:      old_forge, layout_layer_cave, gammafunk_temple_overflow_forgotten,
          grunt_ministairs_2, uniq_grum
Temple:   nicolae_temple_figure_eight

Skill      XL: |  1  2  3  4  5  6  7  8  9 |
---------------+----------------------------+-----
Axes           | 3 4 5 6 7 8 10 13 | 13.2
Fighting       | 4 5 6 7 8 10 | 10.0
Armour         | |  3.2
Shields        | |  3.2

Action                   |  1- 3 |  4- 6 |  7- 9 || total
-------------------------+-------+-------+-------++-------
Melee: War axe           |    96 |   128 |       ||   224
       Mace              |       |    35 |   154 ||   189
Evoke: Wand              |       |       |     2 ||     2
Armor: Scale mail        |    14 |       |    84 ||    98
       Chain mail        |    53 |       |       ||    53
       Ring mail         |     1 |    71 |    28 ||   100
Dodge: Dodged            |    46 |    66 |   102 ||   214
Block: Buckler           |    22 |    43 |    44 ||   109
